 Dungeon Crawl Stone Soup version 0.27-a0-1181-g5f64966fcc (webtiles) character file.

Game seed: 11400802245102373337

29 Khashishi the Skirmisher (level 3, -1/24 HPs)
             Began as a Kobold Abyssal Knight on May 18, 2021.
             Was a Follower of Lugonu.
             Slain by an orc priest
             ... wielding a +0 dagger
              (2 damage)
             ... on level 2 of the Dungeon.
             The game lasted 00:04:52 (1576 turns).

Khashishi the Skirmisher (Kobold Abyssal Knight)    Turns: 1576, Time: 00:04:52

Health: -1/24      AC:  3    Str:  9    XL:     3   Next: 32%
Magic:  4/4        EV: 14    Int: 13    God:    Lugonu [*.....]
Gold:   50         SH:  0    Dex: 15    Spells: 2/2 levels left

rFire    . . .     SeeInvis .   a - +1 short sword
rCold    . . .     Faith    .   (shield restricted)
rNeg     . . .     Spirit   .   b - +0 leather armour
rPois    .         Reflect  .   (no helmet)
rElec    .         Harm     .   (no cloak)
rCorr    .         Rampage  .   (no gloves)
Will     .....                  (no boots)
Stlth    +++.......             (no amulet)
HPRegen  0.08/turn              (no ring)
MPRegen  0.09/turn              (no ring)

@: brilliant
A: small, no large weapons, nightstalker 3
a: Renounce Religion, Depart the Abyss


You were on level 2 of the Dungeon.
You worshipped Lugonu.
Lugonu was aware of your devotion.
You visited 1 branch of the dungeon, and saw 2 of its levels.
You visited the Abyss 1 time.

You collected 50 gold pieces.

Inventory:

Hand Weapons
 a - a +1 short sword (weapon)
Missiles
 h - 25 stones
Armour
 b - a +0 leather armour (worn)
Scrolls
 c - 3 scrolls of identify {unknown}
 e - a scroll of fear {unknown}
 f - a scroll of fog {unknown}
 g - a scroll of enchant armour {unknown}
 k - a scroll of amnesia {unknown}
Potions
 d - a potion of curing
 j - a potion of degeneration {unknown}


   Skills:
 + Level 3.7 Fighting
 + Level 3.2 Short Blades
 - Level 0.7 Armour
 + Level 3.0 Dodging
 + Level 1.7 Stealth
 - Level 2.0 Invocations


You had 2 spell levels left.
You didn't know any spells.
Your spell library was empty.

Dungeon Overview and Level Annotations

Branches:
Dungeon (2/15)

Altars:


Innate Abilities, Weirdness & Mutations

You are small and have problems with some larger weapons.
You are completely attuned to the shadows.


Message History

An orc comes into view. It is wielding a +0 war axe.
An orc priest comes into view. It is wielding a +0 dagger.
There is an open door here.
As you close the door, it creaks loudly!
You aren't carrying any items that you can evoke.
As you open the door, it creaks loudly!
You hear a shout! x3
A rat and an orc come into view.
There is an open door here.
You hit the rat.
You kill the rat!
Lugonu accepts your kill.
You hit the orc.
The orc is heavily wounded.
The orc barely misses you.
You hit the orc but do no damage.
The orc is heavily wounded.
The orc hits you but does no damage.
You barely miss the orc.
The orc is heavily wounded.
You hit the orc but do no damage.
The orc is heavily wounded.
The orc misses you.
The orc priest invokes the aid of Beogh against you.
Beogh smites you!
Ouch! That really hurt!
You aren't carrying any items that you can evoke.
It was a potion of curing.
You feel better. The orc closely misses you.
You hit the orc.
You kill the orc!
Lugonu accepts your kill.
The orc priest invokes the aid of Beogh against you.
Beogh smites you!
Ouch! That really hurt!
* * * LOW HITPOINT WARNING * * *
It was a potion of brilliance.
You feel clever all of a sudden.
You hit the orc priest.
The orc priest is lightly wounded.
The orc priest hits you with a +0 dagger.
You die...

#.# # #.# #
#.# # #.# #
###########.#
#
#...........#
#
#.###########
# #.# # #@# #
#o# #
.......o. #
#........ #
.##...... #
.#.....
.#..##
.#...##
#....##
.#....##


You could see an orc priest.

Vanquished Creatures
  An orc (D:2)
  A ball python (D:2)
  4 bats (D:1)
  2 endoplasms (D:1)
  2 giant cockroaches (D:1)
  A goblin (D:1)
  2 hobgoblins (D:1)
  4 jackals (D:1)
  A quokka (D:2)
  A frilled lizard (D:1)
  A kobold (D:1)
  5 rats
25 creatures vanquished.

Vanquished Creatures (others)
  3 plants (D:1)
3 creatures vanquished.

Grand Total: 28 creatures vanquished

Notes
Turn   | Place    | Note
-------+----------+-------------------------------------------
     0 | Abyss:1  | Khashishi the Kobold Abyssal Knight began the quest for the
                  | Orb.
     0 | Abyss:1  | Reached XP level 1. HP: 14/14 MP: 2/2
    12 | Abyss:1  | Found a corrupted altar of Lugonu.
   141 | Abyss:1  | Noticed a neqoxec
   173 | Abyss:1  | Noticed a ynoxinul
   175 | D:1      | Escaped the Abyss
   260 | D:1      | Reached XP level 2. HP: 19/19 MP: 3/3
   303 | D:1      | Reached skill level 1 in Stealth
   591 | D:1      | Reached * piety under Lugonu
   833 | D:1      | Reached XP level 3. HP: 23/23 MP: 4/4
  1574 | D:2      | HP: 1/24 [orc priest/divine providence (13)]
  1576 | D:2      | Slain by an orc priest

Illustrated notes

Levels and vault maps discovered:
D:1:      dpeg_arrival_yet_another_circle, layout_basic, serial_bayou,
          serial_bayou_lagoon_a, serial_bayou_pond_a, serial_bayou_pond_a,
          serial_bayou_shore_b
D:2:      layout_basic, hellmonk_ecumenical_altar_zigzags,
          minmay_misc_feat_secret_circle, uniq_terence

Skill      XL: |  1  2  3 |
---------------+----------+-----
Short Blades   | 3 |  3.2
Stealth        | 1 |  1.7
Dodging        | 3 |  3.0
Fighting       | |  3.7
Armour         | |  0.7
Invocations    | |  2.0

Action                   || total
-------------------------++-------
Melee: Short sword       ||    61
Invok: Depart the Abyss  ||     1
  Use: Potion            ||     2
 Stab: Sleeping          ||    12
Armor: Leather armour    ||    11
Dodge: Dodged            ||    44

Table legend: (Time is in decaauts)
 A = Elapsed time spent in this place.
 B = Non-inter-level travel time spent in this place.
 C = Inter-level travel time spent in this place.
 D = Time resting spent in this place.
 E = Time spent auto-exploring this place.
 F = Levels seen in this place.
 G = Mean time per level.
                   A        B        C        D        E       F      G
               +--------+--------+--------+--------+--------+-----+--------+
         Total |   1598 |   1519 |     79 |      0 |   1071 |   3 |  532.7 |
       Dungeon |   1421 |   1342 |     79 |      0 |   1071 |   2 |  710.5 |
         Abyss |    176 |    176 |      0 |      0 |      0 |   1 |  176.0 |
               +--------+--------+--------+--------+--------+-----+--------+

Top non-repeatable levels by time:
     D:1: 1280 daAuts
 Abyss:1: 176 daAuts
     D:2: 141 daAuts
